[Event "Late-Titled-Tuesday-Blitz-June-18-2024"]
[Site "Chess.com"]
[Date "2024.06.18"]
[Round "2"]
[White "KarlEmilElmer"]
[Black "pinelone"]
[Result "0-1"]
[WhiteElo "2173"]
[BlackElo "2471"]
[TimeControl "180+1"]
[EndTime "14:21:36 PDT"]
[Termination "pinelone won by checkmate"]

1. d4 Nf6 2. c4 e6 3. Nc3 Bb4 4. Bg5 c5 5. Nf3 cxd4 6. Nxd4 Bxc3+ 7. bxc3 Qa5 8. Nb5 O-O 9. Bxf6 gxf6 10. Qd4 Kg7 11.
Qg4+ Kh8 12. Qh4 Qd8 13. Nd6 Nc6 14. e4 b6 15. Bd3 Ne5 16. Bc2 Qe7 17. Rd1 Ba6 18.
Bb3 Rg8 19. f4 Ng6 20. Qf2 Rg7 21. O-O Rag8 22. g3 Nf8 23. f5 e5 24. Rd5 Rg5 25. Qe2 Rg4 26. Qf3 R4g5 27. Rfd1 R5g7 28. Qe3 Rg5 29. Qf3 h6 30. Qe3 Nh7 31. Qf3 R5g7 32.
Qe3 Ng5 33. Re1 Rh7 34. Kh1 Rhg7 35. Qd2 Rh7 36. Qe3 h5 37. Red1 h4 38. g4 h3 39.
Re1 Rh6 40. Red1 Rh7 41. Re1 Qf8 42. Red1 Qh6 43. Re1 Qh4 44. Red1 Qxg4 45. Qg3 Qxg3 46. hxg3 Nf3 47. R1d3 Ng5 48. Kh2 Nf3+ 49. Rxf3 Rhg7 50. g4 Rxg4 51. Rxh3+ Kg7 52. Rg3 Kf8 53. Rxg4 Rxg4 54.
Rd3 Rf4 55. Rg3 Rf2+ 56. Rg2 Rf3 57. Rg3 Rf2+ 58. Kh3 Rf1 59. Rg2 Rf3+ 60. Kg4 Rf4+ 61. Kg3 Rf1 62. Kh4 Rh1+ 63. Kg4 Rh7 64. Kf3 Rh3+ 65.
Ke2 Rh1 66. Kd2 Ra1 67. Kc2 Re1 68. Rh2 Ke7 69. Rh8 Kxd6 70. Kd2 Rg1 71. Rf8 Rg4 72.
Rxf7 Rxe4 73. Rxf6+ Ke7 74. Rh6 Bxc4 75. f6+ Kf7 76.
Bxc4+ Rxc4 77. Rh7+ Kxf6 78. Rxd7 Rc5 79. Rxa7 Kf5 80.
Ra6 Rb5 81. Ra8 Rb2+ 82. Kc1 Rb5 83. Rf8+ Ke4 84. Kc2 Ke3 85. Rh8 e4 86. Rh3+ Kf2 87. Rh2+ Kf3 88. Rh3+ Kf4 89. Rh4+ Kf3 90. Rh3+ Kg4 91.
Re3 Kf4 92. Re1 e3 93. Kd3 Rd5+ 94. Kc4 Rd2 95. Kb5 Rb2+ 96. Kc4 Kf3 97. a4 e2 98. Rc1 Kf2 99. Kd5 Rd2+ 100. Kc6 Rd1 101. Rxd1 exd1=Q 102. Kxb6 Qxa4 103. Kb7 Ke3 104. c4 Qxc4 105. Kb8 Kd4 106.
Kb7 Qc5 107. Ka8 Qe7 108. Kb8 Kc5 109. Kc8 Kb6 110. Kb8 Qb7# 0-1

[Event "Late-Titled-Tuesday-Blitz-June-18-2024"]
[Site "Chess.com"]
[Date "2024.06.18"]
[Round "2"]
[White "chesselephant"]
[Black "traviscottofficial"]
[Result "1-0"]
[WhiteElo "2561"]
[BlackElo "2771"]
[TimeControl "180+1"]
[EndTime "14:21:39 PDT"]
[Termination "chesselephant won by resignation"]

1. d4 a6 2. c4 e6 3. Nc3 d5 4. cxd5 exd5 5. Bf4 c6 6. e3 Bd6 7. Bg3 Ne7 8. Bd3 O-O 9. Nge2 Bf5 10. Rc1 Re8 11.
O-O Bxg3 12. Nxg3 Bxd3 13. Qxd3 Nd7 14. Na4 Nc8 15. Nc5 Nxc5 16. dxc5 Ne7 17. Ne2 Ng6 18.
Nd4 Ne5 19. Qe2 Qf6 20. Rfd1 Rad8 21. b3 h6 22. Qh5 Nd7 23. Qf5 Qe7 24. h3 Nxc5 25.
Qg4 Ne4 26. Nf5 Qf6 27. Rd4 Re5 28. f3 Qxf5 29. Qxf5 Rxf5 30. fxe4 Re5 31. exd5 Rdxd5 32. Rxd5 Rxd5 33. Rc2 Kf8 34. Kf2 Ke7 35. Kf3 Ke6 36. g4 Ke5 37. Rc4 Rd2 38. a4 Rd3 39. b4 Rd8 40. Rc5+ Kd6 41. g5 hxg5 42. Rxg5 g6 43.
h4 Rh8 44. Kg4 Ke6 45. Rc5 Ra8 46. Rc4 Kf6 47. Rd4 Re8 48. Kf4 Rh8 49. Kg4 Re8 50. Kf4 Re7 51. Rd6+ Kg7 52. Rd4 Kh6 53. Rd8 Kg7 54. Rd4 Rc7 55. Rc4 Kf6 56. e4 Ke6 57.
Rc5 f6 58. Rc2 Rh7 59. Kg4 g5 60. hxg5 Rg7 61. Kf4 Rxg5 62. Rh2 Rg7 63. Rh8 Rd7 64. Re8+ Kf7 65. Rb8 Ke6 66. Re8+ Re7 67. Rb8 Kd6 68.
Rf8 Re6 69. Rf7 b5 70. Ra7 bxa4 71. Rxa6 Re7 72. Rxa4 Re5 73. Ra8 Rb5 74. Ra4 Ke6 75. Kf3 Ke5 76. Ke3 Rb6 77. Ra5+ Ke6 78. Ra4 Rb8 79.
Kd4 Rb5 80. Kc4 Ke5 81. Ra6 Kd6 82. Ra8 Re5 83. Kd4 Re7 84. Rd8+ Kc7 85. Rf8 Re6 86. Rh8 Kb6 87. Rb8+ Ka6 88. Kd3 Ka7 89. Rf8 Kb7 90. Rd8 Kc7 91. Rd4 Kb6 92. Kc4 Re5 93. Kd3 Kb5 94. Rd6 f5 95. exf5 Rxf5 96. Rd4 Rf3+ 97.
Kc2 Rf2+ 98. Kc3 Rf3+ 99. Kc2 Ra3 100. Kb2 Ka4 101. b5+ Kxb5 102. Kxa3 c5 103. Rh4 c4 104. Rh5+ 1-0

[Event "Late-Titled-Tuesday-Blitz-June-18-2024"]
[Site "Chess.com"]
[Date "2024.06.18"]
[Round "2"]
[White "monomita"]
[Black "Pelusiansky"]
[Result "1/2-1/2"]
[WhiteElo "2784"]
[BlackElo "2553"]
[TimeControl "180+1"]
[EndTime "14:22:01 PDT"]
[Termination "Game drawn by 50-move rule"]

1. d4 d5 2. Nc3 c6 3. Bf4 Nf6 4. e3 a5 5. Bd3 Na6 6. a3 g6 7. Nge2 Bf5 8. Bxf5 gxf5 9. Be5 Bg7 10. Nf4 e6 11. h3 Nb8 12. g4 fxg4 13. hxg4 h6 14.
Qd3 Nbd7 15. Bd6 Nb6 16. Bc5 Bf8 17. Nxe6 fxe6 18. Qg6+ Kd7 19. Bxb6 Qxb6 20. Qxf6 Be7 21. Qe5 Qxb2 22. Kd2 Raf8 23. f4 Qb6 24. Rab1 Qc7 25.
Qxc7+ Kxc7 26. a4 Bb4 27. Kd3 Rfg8 28. Rbg1 Bxc3 29. Kxc3 Kd7 30. Kd3 b5 31. axb5 cxb5 32. Ra1 a4 33. Rh4 Rg6 34. f5 exf5 35. gxf5 Rf6 36.
e4 dxe4+ 37. Kxe4 Rhf8 38. Rh5 Re8+ 39. Kf4 Rd6 40. c3 Rc8 41. Rh3 b4 42. cxb4 Rxd4+ 43. Ke5 Rxb4 44. Rd1+ Ke7 45. f6+ Ke8 46. Rxh6 Rb5+ 47.
Ke4 Rb4+ 48. Kf5 Rc5+ 49. Kg6 Rg4+ 50. Kh7 Rcc4 51. Re1+ Kf8 52. Re7 Rh4 53. Ra7 Rcf4 54. Rxh4 Rxh4+ 55. Kg6 Rg4+ 56. Kf5 Rg1 57. Rxa4 Kf7 58.
Ra7+ Kf8 59. Rb7 Rf1+ 60. Ke6 Re1+ 61. Kd6 Re2 62. Rh7 Kg8 63. Rg7+ Kf8 64. Ra7 Kg8 65. Kd5 Kf8 66. Kd4 Re1 67. Kd3 Rf1 68. Ra6 Kf7 69. Ke4 Rxf6 70. Ra7+ Kg6 71. Ra5 Re6+ 72. Kd5 Rf6 73.
Ra2 Rf5+ 74. Ke6 Rf6+ 75. Ke5 Rf5+ 76. Ke4 Rg5 77. Ra6+ Kh5 78. Kf4 Rg4+ 79. Kf3 Rg6 80. Ra5+ Rg5 81. Ra7 Rf5+ 82. Kg3 Rg5+ 83. Kf4 Rg6 84. Kf5 Rg5+ 85. Kf6 Rg6+ 86. Kf7 Rg4 87. Ra1 Kh4 88. Kf6 Rf4+ 89. Ke5 Rg4 90. Kf5 Rg5+ 91.
Kf4 Rg4+ 92. Kf3 Rg3+ 93. Kf2 Rg5 94. Rh1+ Kg4 95. Ke3 Kf5 96. Kd4 Rg4+ 97. Kd5 Rg5 98. Rh6 Rg6 99. Rh5+ Rg5 100. Rh2 Kf4+ 101. Kd4 Rg3 102. Rh4+ Rg4 103. Rh1 Kf5+ 104. Kd5 Rg5 105. Rf1+ Kg6+ 106. Ke6 Kh5 107. Rh1+ Kg4 108. Kf6 Rf5+ 109. Kg6 Re5 110. Rg1+ Kf4 111. Rf1+ Ke4 112. Kf6 Rh5 113. Re1+ Kf4 114. Rf1+ Ke4 115. Ra1 Rh6+ 116. Kg5 Rd6 117. Re1+ Kd5 118. Kf5 Kc6 119. Ke5 Rd5+ 1/2-1/2

[Event "Late-Titled-Tuesday-Blitz-June-18-2024"]
[Site "Chess.com"]
[Date "2024.06.18"]
[Round "3"]
[White "Sacbutt"]
[Black "lupta_robin"]
[Result "0-1"]
[WhiteElo "2312"]
[BlackElo "2608"]
[TimeControl "180+1"]
[EndTime "14:23:40 PDT"]
[Termination "lupta_robin won by resignation"]

1. e4 g6 2. d4 Nf6 3. Nc3 d5 4. e5 Ne4 5. Nge2 Bg7 6. Ng3 Nxc3 7. bxc3 c5 8. Bd3 Qa5 9. Qd2 Nc6 10. Ne2 c4 0-1

[Event "Late-Titled-Tuesday-Blitz-June-18-2024"]
[Site "Chess.com"]
[Date "2024.06.18"]
[Round "3"]
[White "Crazy_girl99"]
[Black "duone"]
[Result "1-0"]
[WhiteElo "2620"]
[BlackElo "2427"]
[TimeControl "180+1"]
[EndTime "14:24:06 PDT"]
[Termination "Crazy_girl99 won by resignation"]

1. e4 c6 2. d4 d5 3. e5 c5 4. dxc5 e6 5. b4 a5 6. c3 axb4 7. cxb4 b6 8. Be3 bxc5 9. bxc5 Bxc5 10. Bxc5 Qa5+ 11. Nd2 Qxc5 12. Rc1 Qd4 13. Rxc8+ Kd7 14. Qc1 Qxe5+ 15. Be2 Rxa2 16. Ngf3 Ra1 17. Nxe5+ 1-0

[Event "Late-Titled-Tuesday-Blitz-June-18-2024"]
[Site "Chess.com"]
[Date "2024.06.18"]
[Round "3"]
[White "Rakitic2010"]
[Black "ManMish2"]
[Result "0-1"]
[WhiteElo "2477"]
[BlackElo "2664"]
[TimeControl "180+1"]
[EndTime "14:24:25 PDT"]
[Termination "ManMish2 won by resignation"]

1. e4 e5 2. Nf3 Nc6 3. Bb5 a6 4. Ba4 Nf6 5. O-O Nxe4 6. Re1 Nc5 7. Bxc6 dxc6 8. Nxe5 Be7 9. d4 Ne6 10. c3 O-O 11. Nd2 c5 12. Ndf3 cxd4 13. cxd4 Qd5 14. Be3 b6 15. Rc1 Bb7 16. Rxc7 Nxc7 17. Qc2 Ne6 18.
Qc7 Nxc7 19. Rc1 Ne6 20. Rc7 Nxc7 0-1

[Event "Late-Titled-Tuesday-Blitz-June-18-2024"]
[Site "Chess.com"]
[Date "2024.06.18"]
[Round "3"]
[White "Renatoforf"]
[Black "ChessWarrior7197"]
[Result "0-1"]
[WhiteElo "2119"]
[BlackElo "3150"]
[TimeControl "180+1"]
[EndTime "14:24:38 PDT"]
[Termination "ChessWarrior7197 won by resignation"]

1. e4 c6 2. Nc3 d5 3. Nf3 Bg4 4. d4 e6 5. Bd3 dxe4 6. Nxe4 Nd7 7. O-O Ngf6 8. Ng3 Bd6 9. h3 Bxf3 10. Qxf3 Qc7 11. c3 O-O 12. Ne4 Nxe4 13. Qxe4 Nf6 14. Qh4 Be7 15. Bf4 Qb6 16. Bc1 Rad8 17. a3 c5 18.
dxc5 Bxc5 19. Bc2 Be7 20. Be3 Qxb2 0-1

[Event "Late-Titled-Tuesday-Blitz-June-18-2024"]
[Site "Chess.com"]
[Date "2024.06.18"]
[Round "3"]
[White "Barboval"]
[Black "olawsson"]
[Result "1-0"]
[WhiteElo "2535"]
[BlackElo "2164"]
[TimeControl "180+1"]
[EndTime "14:24:47 PDT"]
[Termination "Barboval won by resignation"]

1. d4 d6 2. e4 Nc6 3. Nc3 Nf6 4. Be3 e5 5. d5 Nb8 6. f3 Be7 7. Qd2 O-O 8. O-O-O c6 9. g4 cxd5 10. Nxd5 Nxd5 11.
exd5 f5 12. gxf5 Bxf5 13. Bd3 Nd7 14. Ne2 Rc8 15. Kb1 Nc5 16. Bxc5 Rxc5 17. Ng3 Rxd5 18. Nxf5 Rxf5 19. Bc4 1-0

[Event "Late-Titled-Tuesday-Blitz-June-18-2024"]
[Site "Chess.com"]
[Date "2024.06.18"]
[Round "3"]
[White "AustinThomas12345"]
[Black "JAN2404"]
[Result "1-0"]
[WhiteElo "2477"]
[BlackElo "2074"]
[TimeControl "180+1"]
[EndTime "14:24:48 PDT"]
[Termination "AustinThomas12345 won by resignation"]

1. e4 c5 2. Nf3 d6 3. d4 cxd4 4. Nxd4 Nf6 5. Nc3 Nc6 6. Bg5 e6 7. Qd2 a6 8. O-O-O Bd7 9. f4 Be7 10. Kb1 Nxd4 11. Qxd4 Bc6 12. Be2 O-O 13. h4 h6 14. Qe3 b5 15. e5 Nd5 16. Nxd5 Bxd5 17.
exd6 Qxd6 18. Bxe7 Qxe7 19. Rxd5 1-0

[Event "Late-Titled-Tuesday-Blitz-June-18-2024"]
[Site "Chess.com"]
[Date "2024.06.18"]
[Round "3"]
[White "wonderfultime"]
[Black "esskeettit"]
[Result "1-0"]
[WhiteElo "3020"]
[BlackElo "2522"]
[TimeControl "180+1"]
[EndTime "14:24:52 PDT"]
[Termination "wonderfultime won by resignation"]

1. d4 d5 2. Nf3 Nf6 3. Bf4 e6 4. e3 Bd6 5. Nbd2 c5 6. c3 Qc7 7. Bxd6 Qxd6 8. Ne5 O-O 9. Bd3 b6 10. Qe2 a5 11. f4 Ba6 12. Bxa6 Nxa6 13. O-O Nd7 14. Rf3 f6 15. Ng4 e5 16. fxe5 fxe5 17. Raf1 e4 18. Rxf8+ Rxf8 19. Qxa6 1-0

[Event "Late-Titled-Tuesday-Blitz-June-18-2024"]
[Site "Chess.com"]
[Date "2024.06.18"]
[Round "3"]
[White "rionelG"]
[Black "dianamirza"]
[Result "1-0"]
[WhiteElo "2341"]
[BlackElo "1782"]
[TimeControl "180+1"]
[EndTime "14:25:06 PDT"]
[Termination "rionelG won by resignation"]

1. e4 d5 2. exd5 Qxd5 3. Nc3 Qd8 4. d4 Nf6 5. Bc4 a6 6. a4 Bg4 7. f3 Bh5 8. g4 Bg6 9. h4 h5 10. g5 Nfd7 11. Qe2 e6 12. Nh3 Be7 13. Nf4 Nc6 14. Nxg6 fxg6 15. Qxe6 Qb8 16. Bf4 Nxd4 17. Qxg6+ Kd8 18.
O-O-O c5 19. Bxb8 1-0

[Event "Late-Titled-Tuesday-Blitz-June-18-2024"]
[Site "Chess.com"]
[Date "2024.06.18"]
[Round "3"]
[White "Chessgod9oninsta"]
[Black "Jospem"]
[Result "0-1"]
[WhiteElo "2730"]
[BlackElo "3056"]
[TimeControl "180+1"]
[EndTime "14:25:08 PDT"]
[Termination "Jospem won by resignation"]

1. d4 Nf6 2. c4 e6 3. g3 Bb4+ 4.
Bd2 c5 5. Bg2 O-O 6. Nf3 Nc6 7.
Bxb4 cxb4 8. O-O d6 9. Nbd2 e5 10. e3 Bf5 11. a3 bxa3 12. Rxa3 a5 13. c5 e4 14. Nh4 Bg4 15. f3 exf3 16. Bxf3 Bh3 17.
Bg2 Bxg2 18. Kxg2 dxc5 19. dxc5 g6 20. Nc4 0-1

[Event "Late-Titled-Tuesday-Blitz-June-18-2024"]
[Site "Chess.com"]
[Date "2024.06.18"]
[Round "3"]
[White "DenLaz"]
[Black "Byniolus"]
[Result "1-0"]
[WhiteElo "3091"]
[BlackElo "2751"]
[TimeControl "180+1"]
[EndTime "14:25:11 PDT"]
[Termination "DenLaz won by resignation"]

1. d4 d5 2. c4 c6 3. Nf3 Nf6 4. Nc3 Qb6 5. Qc2 e6 6. Bg5 Nbd7 7. e3 Be7 8. Bd3 h6 9. Bh4 O-O 10. O-O Re8 11. Rfd1 a6 12. Rac1 Qd8 13. h3 b5 14.
c5 Nh5 15. Bxe7 Qxe7 16. Ne5 Nhf6 17. Nxc6 1-0

[Event "Late-Titled-Tuesday-Blitz-June-18-2024"]
[Site "Chess.com"]
[Date "2024.06.18"]
[Round "3"]
[White "2346PL"]
[Black "th3d4rkness"]
[Result "1-0"]
[WhiteElo "2539"]
[BlackElo "2204"]
[TimeControl "180+1"]
[EndTime "14:25:23 PDT"]
[Termination "2346PL won by resignation"]

1. Nf3 Nf6 2. g3 g6 3. Bg2 Bg7 4. d4 O-O 5. O-O d6 6. b3 Nc6 7. Bb2 Bf5 8. c4 a6 9. d5 Nb8 10. Nbd2 Ne4 11. Bxg7 Kxg7 12. Nxe4 Bxe4 13. Qd4+ e5 14.
Qxe4 f5 15. Qc2 a5 16. Nd2 Na6 17. a3 h5 18. f4 e4 19. Qc3+ Kf7 20. Qxa5 h4 21.
Qc3 Rh8 22. b4 Qe7 23. Nb3 Rh7 24. Nd4 Rah8 25. Ne6 hxg3 26. hxg3 c6 27. Ng5+ 1-0

[Event "Late-Titled-Tuesday-Blitz-June-18-2024"]
[Site "Chess.com"]
[Date "2024.06.18"]
[Round "3"]
[White "szefru"]
[Black "NikitaShnadrygin"]
[Result "0-1"]
[WhiteElo "2326"]
[BlackElo "2722"]
[TimeControl "180+1"]
[EndTime "14:25:37 PDT"]
[Termination "NikitaShnadrygin won by resignation"]

1. e4 c5 2. Nf3 e6 3. b3 Nc6 4.
Bb2 d5 5. exd5 exd5 6. Bb5 Ne7 7. O-O a6 8. Bxc6+ Nxc6 9. Re1+ Be6 10. d4 Qf6 11. c4 O-O-O 12. Qc1 cxd4 13. cxd5 Bxd5 14.
Nxd4 Qg6 15. f3 Kb8 16. Nxc6+ Bxc6 17. Be5+ Ka8 18. Kh1 Bb4 19. Bc3 Bd6 20. Be5 Bxe5 21. Rxe5 Qf6 22. f4 Qxf4 0-1

[Event "Late-Titled-Tuesday-Blitz-June-18-2024"]
[Site "Chess.com"]
[Date "2024.06.18"]
[Round "3"]
[White "Colombiano07"]
[Black "Abund"]
[Result "0-1"]
[WhiteElo "2320"]
[BlackElo "2673"]
[TimeControl "180+1"]
[EndTime "14:25:49 PDT"]
[Termination "Abund won by resignation"]

1. d4 g6 2. e4 Bg7 3. Nf3 c6 4. h3 d5 5. Nc3 dxe4 6. Nxe4 Nf6 7. Nxf6+ exf6 8. Bd3 O-O 9. O-O Be6 10. Bf4 Nd7 11.
Qd2 Nb6 12. Bh6 Bd5 13. Bxg7 Kxg7 14. Nh2 f5 15. c3 Qh4 16. Rae1 Bxa2 17. Nf3 Qf6 18. Ne5 Be6 19. c4 Rad8 20. Qc3 Rfe8 21.
b3 Nd7 22. f4 Nf8 23. Be2 Bc8 24. Bf3 Ne6 25. g3 Nxd4 26. Bg2 Re6 27. b4 b6 28. Ra1 Ne2+ 0-1

[Event "Late-Titled-Tuesday-Blitz-June-18-2024"]
[Site "Chess.com"]
[Date "2024.06.18"]
[Round "3"]
[White "scandalgod"]
[Black "A4RookA3"]
[Result "1-0"]
[WhiteElo "2621"]
[BlackElo "2427"]
[TimeControl "180+1"]
[EndTime "14:25:53 PDT"]
[Termination "scandalgod won by resignation"]

1. d4 d5 2. c4 c6 3. Nc3 Nf6 4. e3 e6 5. Nf3 Nbd7 6. Bd3 dxc4 7. Bxc4 b5 8. Bd3 a6 9. e4 c5 10. e5 cxd4 11. Nxb5 axb5 12. exf6 Bb4+ 13. Bd2 Bxd2+ 14. Qxd2 Nxf6 15. Bxb5+ Bd7 16. Bxd7+ Qxd7 17. O-O O-O 18. Qxd4 Qb5 19. a4 Qb3 20. Ra3 Qb7 21. b4 Rfb8 22. b5 Nd5 23. h3 Ra5 24. Ne5 Rba8 25.
Rfa1 Nb6 26. Nc6 1-0

[Event "Late-Titled-Tuesday-Blitz-June-18-2024"]
[Site "Chess.com"]
[Date "2024.06.18"]
[Round "3"]
[White "merinasian"]
[Black "miraitrunks"]
[Result "1-0"]
[WhiteElo "2401"]
[BlackElo "2172"]
[TimeControl "180+1"]
[EndTime "14:25:54 PDT"]
[Termination "merinasian won by resignation"]

1. d4 d5 2. Nf3 Nf6 3. c4 Bf5 4. e3 e6 5. Qb3 Nc6 6. cxd5 Nb4 7. Na3 Qxd5 8. Bc4 Qa5 9. O-O Bd6 10. Nb5 O-O 11. Nxd6 cxd6 12. Bd2 1-0

[Event "Late-Titled-Tuesday-Blitz-June-18-2024"]
[Site "Chess.com"]
[Date "2024.06.18"]
[Round "3"]
[White "hblanco"]
[Black "Sanan_Sjugirov"]
[Result "0-1"]
[WhiteElo "2705"]
[BlackElo "2968"]
[TimeControl "180+1"]
[EndTime "14:26:00 PDT"]
[Termination "Sanan_Sjugirov won by resignation"]

1. d4 Nf6 2. c4 e6 3. Nf3 Bb4+ 4. Bd2 Qe7 5. g3 Nc6 6. a3 Bxd2+ 7. Qxd2 O-O 8. Bg2 d5 9. Qc2 e5 10. dxe5 Nxe5 11. Nxe5 Qxe5 12. cxd5 Nxd5 13. O-O c6 14. e4 Nb6 15. Nd2 Be6 16. Nf3 Qb5 17. Nd4 Qc4 18.
Rac1 Qxd4 0-1

[Event "Late-Titled-Tuesday-Blitz-June-18-2024"]
[Site "Chess.com"]
[Date "2024.06.18"]
[Round "3"]
[White "Jahonas"]
[Black "Navyblue1"]
[Result "1-0"]
[WhiteElo "2404"]
[BlackElo "2177"]
[TimeControl "180+1"]
[EndTime "14:26:03 PDT"]
[Termination "Jahonas won by resignation"]

1. d4 Nf6 2. c4 g6 3. Nf3 Bg7 4.
Nc3 d6 5. Bg5 Nbd7 6. e4 O-O 7.
Be2 c5 8. e5 Ne8 9. Nd5 f6 10.
exf6 exf6 11. Be3 cxd4 12. Nxd4 Ne5 13. O-O Nc7 14. f4 Nc6 15. Nxc7 Qxc7 16. Nb5 Qe7 17. Bf2 Rd8 18. Bf3 Be6 19. Re1 Qd7 20. Rxe6 Qxe6 21. Bd5 1-0

[Event "Late-Titled-Tuesday-Blitz-June-18-2024"]
[Site "Chess.com"]
[Date "2024.06.18"]
[Round "3"]
[White "SoCalJuniorChess"]
[Black "canhhuan"]
[Result "0-1"]
[WhiteElo "2214"]
[BlackElo "2503"]
[TimeControl "180+1"]
[EndTime "14:26:08 PDT"]
[Termination "canhhuan won by resignation"]

1. d4 Nf6 2. Nc3 d5 3. Bf4 e6 4.
Nb5 Bb4+ 5. c3 Ba5 6. a4 a6 7. b4 axb5 8. axb5 Bxb4 9. Rxa8 Bxc3+ 10. Bd2 Bxd2+ 11. Qxd2 Ne4 12. Qb4 Nd7 13. f3 Nd6 14. b6 Nxb6 15. Rb8 c6 16. e3 Qc7 17. Rxc8+ Nbxc8 18. Bd3 O-O 19. Ne2 Nb6 20. O-O Ra8 21. Rb1 Nbc4 22. Bxc4 Nxc4 23. Kf2 b6 24. g3 Ra3 25. Nc3 h6 26. Na4 c5 27. dxc5 Qe5 28.
e4 Qd4+ 29. Kg2 Rxa4 30. Qxb6 Nxb6 0-1

[Event "Late-Titled-Tuesday-Blitz-June-18-2024"]
[Site "Chess.com"]
[Date "2024.06.18"]
[Round "3"]
[White "Nicolik"]
[Black "legendisback1"]
[Result "0-1"]
[WhiteElo "2649"]
[BlackElo "3015"]
[TimeControl "180+1"]
[EndTime "14:26:11 PDT"]
[Termination "legendisback1 won by checkmate"]

1. d4 Nf6 2. Nc3 d5 3. Bf4 c5 4. e3 cxd4 5. exd4 Bg4 6. f3 Bd7 7. Nb5 Bxb5 8. Bxb5+ Nbd7 9. c3 e6 10. Ne2 Qb6 11. Qb3 a6 12. Bd3 Qc6 13. O-O Bd6 14.
Be3 O-O 15. f4 b5 16. f5 e5 17. Ng3 Ng4 18. Rae1 exd4 19. Bxd4 Bxg3 20. hxg3 Qh6 21.
Rf4 Qh2+ 22. Kf1 Qxg3 23. Rxg4 Qxg4 24. Qxd5 Rad8 25. Qc6 Rfe8 26. Rxe8+ Rxe8 27. Qxd7 Qf4+ 28. Bf2 Qc1+ 29. Be1 Qxe1# 0-1

[Event "Late-Titled-Tuesday-Blitz-June-18-2024"]
[Site "Chess.com"]
[Date "2024.06.18"]
[Round "3"]
[White "picturesquecheck"]
[Black "enriquebutti"]
[Result "1-0"]
[WhiteElo "2381"]
[BlackElo "2089"]
[TimeControl "180+1"]
[EndTime "14:26:17 PDT"]
[Termination "picturesquecheck won by resignation"]

1. e4 c5 2. Nf3 d6 3. d4 cxd4 4. Nxd4 Nf6 5. Nc3 a6 6. Rg1 e5 7. Nb3 Be6 8. g4 d5 9. exd5 Nxd5 10. Nxd5 Qxd5 11. Qxd5 Bxd5 12. Be3 Nc6 13. O-O-O Be6 14. Kb1 Be7 15. Nc5 Bxc5 16. Bxc5 Rd8 17. Be2 Rxd1+ 18. Rxd1 f6 19. Bf3 Kf7 20. h3 Rd8 21.
Rxd8 Nxd8 22. b3 Nc6 23. c4 g6 24. Kc1 f5 25. Kd2 e4 26. Be2 f4 27. h4 h6 28. g5 hxg5 29. hxg5 f3 30. Bd1 Bf5 31. Bc2 Ke6 32. Ke3 Ke5 33. Bf8 1-0

[Event "Late-Titled-Tuesday-Blitz-June-18-2024"]
[Site "Chess.com"]
[Date "2024.06.18"]
[Round "3"]
[White "BillCoe"]
[Black "PoXerStar"]
[Result "1-0"]
[WhiteElo "2092"]
[BlackElo "2348"]
[TimeControl "180+1"]
[EndTime "14:26:32 PDT"]
[Termination "BillCoe won by resignation"]

1. e4 c6 2. d4 d5 3. exd5 cxd5 4. Bd3 Nc6 5. c3 Nf6 6. h3 e5 7. dxe5 Nxe5 8. Bc2 Bd6 9. Bg5 O-O 10. Ne2 h6 11. Bh4 g5 12. Bg3 Ne4 13. Bxe4 dxe4 14. O-O Bf5 15. Qd5 Qe7 16. Nd2 Rad8 17. Nxe4 Nf3+ 18.
gxf3 Bxg3 19. Qxf5 1-0

[Event "Late-Titled-Tuesday-Blitz-June-18-2024"]
[Site "Chess.com"]
[Date "2024.06.18"]
[Round "3"]
[White "Annawel"]
[Black "Mikayel99"]
[Result "1-0"]
[WhiteElo "3076"]
[BlackElo "2664"]
[TimeControl "180+1"]
[EndTime "14:26:33 PDT"]
[Termination "Annawel won by resignation"]

1. d4 Nf6 2. c4 e6 3. Nf3 d5 4. e3 c5 5. Nc3 Nc6 6. a3 dxc4 7. Bxc4 a6 8. O-O b5 9. Bd3 cxd4 10. exd4 Be7 11.
Bg5 Bb7 12. Rc1 O-O 13. Bb1 g6 14. Re1 Nd5 15. Bh6 Re8 16. Ne4 Rc8 17. Nc5 Qb6 18. Ng5 Qd8 19. Nxb7 1-0

[Event "Late-Titled-Tuesday-Blitz-June-18-2024"]
[Site "Chess.com"]
[Date "2024.06.18"]
[Round "3"]
[White "CFalcons8"]
[Black "xakevicius91"]
[Result "0-1"]
[WhiteElo "2435"]
[BlackElo "2628"]
[TimeControl "180+1"]
[EndTime "14:26:37 PDT"]
[Termination "xakevicius91 won on time"]

1. d4 Nf6 2. Nf3 e6 3. c4 b6 4. g3 Bb7 5. Bg2 Be7 6. O-O O-O 7. b3 d6 8. Bb2 Nbd7 9. Nbd2 Ne4 10. Qc2 f5 11. Rfd1 Ndf6 12. Nxe4 Nxe4 13. Nd2 d5 14. Nf3 Bf6 15. Ne5 Bxe5 16. dxe5 Qe7 17. Rac1 c5 0-1

[Event "Late-Titled-Tuesday-Blitz-June-18-2024"]
[Site "Chess.com"]
[Date "2024.06.18"]
[Round "3"]
[White "chessbaerchen"]
[Black "esrosenberg"]
[Result "1-0"]
[WhiteElo "2672"]
[BlackElo "2317"]
[TimeControl "180+1"]
[EndTime "14:26:43 PDT"]
[Termination "chessbaerchen won by resignation"]

1. d4 d5 2. Nf3 Bf5 3. c4 e6 4. Qb3 Nc6 5. cxd5 exd5 6. Bf4 Na5 7. Qe3+ Be6 8. Nc3 Nf6 9. Ne5 Bb4 10. a3 Bxc3+ 11.
Qxc3 c6 12. e3 Ne4 13. Qc2 f6 14. Nf3 Nd6 15. Bd3 g6 16. O-O Bf5 17. Bxf5 Nxf5 18. e4 dxe4 19. Qxe4+ Qe7 20. Qd3 O-O 21. b4 1-0

[Event "Late-Titled-Tuesday-Blitz-June-18-2024"]
[Site "Chess.com"]
[Date "2024.06.18"]
[Round "3"]
[White "tactic"]
[Black "Manukyan_Artak"]
[Result "1-0"]
[WhiteElo "2755"]
[BlackElo "2503"]
[TimeControl "180+1"]
[EndTime "14:26:49 PDT"]
[Termination "tactic won by resignation"]

1. e4 c6 2. d4 d5 3. Nc3 dxe4 4. Nxe4 Nf6 5. Nxf6+ exf6 6. c3 Bd6 7. Bd3 O-O 8.
Qc2 h5 9. Ne2 Qc7 10. g3 Bh3 11. Be3 Nd7 12. O-O-O Rfe8 13. Nf4 Bxf4 14. Bxf4 Qa5 15.
Kb1 Nf8 16. f3 Be6 17. b3 b5 18. Rhg1 b4 19. c4 g5 20. h4 gxf4 21. gxf4+ Kh8 22. Qg2 Ng6 23. d5 Rg8 24. dxe6 Nxf4 25. Qd2 Rxg1 26. Rxg1 Qe5 27. exf7 Rf8 28. Be4 f5 29. Rg5 Rxf7 30.
Qd8+ Kh7 31. Qg8+ Kh6 32. Qxf7 1-0

[Event "Late-Titled-Tuesday-Blitz-June-18-2024"]
[Site "Chess.com"]
[Date "2024.06.18"]
[Round "3"]
[White "scabies1"]
[Black "Slovineanu"]
[Result "0-1"]
[WhiteElo "2321"]
[BlackElo "2558"]
[TimeControl "180+1"]
[EndTime "14:26:53 PDT"]
[Termination "Slovineanu won by resignation"]

1. e4 c6 2. d4 d5 3. Nc3 dxe4 4. Nxe4 Nf6 5. Nxf6+ exf6 6. c3 Bd6 7. Bd3 Na6 8.
Ne2 Nc7 9. O-O O-O 10. Qc2 g6 11. Bf4 Bg4 12. Bxd6 Qxd6 13. h3 Bxe2 14. Bxe2 Rfe8 15. Rfe1 a5 16. Bf3 Kg7 17. Qb3 b5 18. a4 b4 19.
cxb4 axb4 20. Rxe8 Rxe8 21. Qc4 Nd5 22. a5 Ra8 23. a6 Ra7 24. h4 h5 25. g3 f5 26. Ra5 f4 27. Kg2 fxg3 28. fxg3 Ne3+ 0-1

[Event "Late-Titled-Tuesday-Blitz-June-18-2024"]
[Site "Chess.com"]
[Date "2024.06.18"]
[Round "3"]
[White "crazycheesecake"]
[Black "ToddBryant"]
[Result "0-1"]
[WhiteElo "2129"]
[BlackElo "2389"]
[TimeControl "180+1"]
[EndTime "14:26:57 PDT"]
[Termination "ToddBryant won on time"]

1. e4 c5 2. Nf3 d6 3. d4 cxd4 4. Nxd4 Nf6 5. Nc3 g6 6. Be3 Bg7 7. f3 O-O 8. Qd2 Nc6 9. O-O-O Bd7 10. g4 Rc8 11. Kb1 Ne5 12. h4 Qa5 13. a3 Nxf3 14. Nxf3 Rxc3 15. Qxc3 Qxc3 16. bxc3 Bxg4 17. Bg2 Nxe4 18.
Bd4 e5 19. Rhe1 f5 20. Rd3 exd4 21. cxd4 Rc8 0-1